 Dungeon Crawl Stone Soup version 0.30.0-29-ga12c61a403 (webtiles) character file.

Game seed: 11008158100188056744

112 Bnni the Digger (level 5, 0/37 HPs)
             Began as a Formicid Earth Elementalist on June 23, 2023.
             Succumbed to a scorpion's poison
             ... on level 4 of the Dungeon.
             The game lasted 00:02:46 (2336 turns).

Bnni the Digger (Formicid Earth Elementalist)       Turns: 2336, Time: 00:02:46

Health: 0/37       AC:  2    Str: 13    XL:     5   Next: 16%
Magic:  4/9        EV: 12    Int: 16    God:
Gold:   139        SH:  0    Dex: 14    Spells: 8/9 levels left

rFire   . . .        d - +0 trident
rCold   . . .        (no shield)
rNeg    . . .        a - +0 robe
rPois   .            (helmet unavailable)
rElec   .            (no cloak)
rCorr   .            (no gloves)
SInv    +            (no boots)
Will    .....        (no amulet)
Stlth   ++           (no ring)
HPRegen 0.26/turn    (no ring)
MPRegen 0.11/turn

%: no passive effects
@: lethally poisoned (0 -> -12)
A: permanent stasis, dig shafts and tunnels, antennae 3, four strong arms
a: Dig, Shaft Self


You were on level 4 of the Dungeon.
You visited 1 branch of the dungeon, and saw 4 of its levels.

You collected 139 gold pieces.

Inventory:

Hand Weapons
 d - a +0 trident (weapon)
Missiles
 i - 14 poisoned darts
Armour
 a - a +0 robe (worn)
 l - a +0 ring mail
 m - a +0 leather armour
 o - a +0 plate armour
Wands
 v - a wand of iceblast (9)
 y - a wand of charming (6)
Scrolls
 c - 3 scrolls of identify {unknown}
 e - a scroll of enchant weapon {unknown}
 f - 3 scrolls of magic mapping
 g - 2 scrolls of amnesia {unknown}
 h - a scroll of teleportation {unknown}
 n - a scroll of silence {unknown}
 t - a scroll of blinking {unknown}
 u - a scroll of fog {unknown}
Potions
 b - 2 potions of magic
 j - 2 potions of might {unknown}
 k - a potion of resistance {unknown}
 p - a potion of experience {unknown}
 q - 2 potions of flight {unknown}
 r - a potion of haste {unknown}
 s - a potion of heal wounds {unknown}
 w - 3 potions of curing {unknown}
 x - 2 potions of lignification {unknown}


   Skills:
 + Level 1.3 Fighting
 - Level 1.7 Dodging
 - Level 2.4 Stealth
 + Level 2.7 Spellcasting
 * Level 1.7 Conjurations
 * Level 2.5 Transmutations
 * Level 4.5 Earth Magic


You had 8 spell levels left.
You knew the following spells:

 Your Spells              Type           Power      Damage    Failure   Level
a - Sandblast             Erth           32%        2d9       3%          1

Your spell library contained the following spells:

 Spells                   Type           Power      Damage    Failure   Level
 Passwall                 Tmut/Erth      10%        N/A       7%          2
 Stone Arrow              Conj/Erth      24%        3d8       16%         3
 Petrify                  Tmut/Erth      13%        N/A       41%         4


Dungeon Overview and Level Annotations

Branches:
Dungeon (4/15)
 Temple: D:4-7

Altars:
Ashenzari

Shops:
D:3 (   D:4 =


Innate Abilities, Weirdness & Mutations

You cannot be hasted, slowed, berserked, paralysed or teleported.
You can dig through walls and to a lower floor.
You have a pair of large antennae on your head. (SInv)
Your four strong arms can wield two-handed weapons with a shield.


Message History

The scorpion is moderately wounded.
The scorpion stings you.
Aiming: Sandblast (safe; 3% risk of failure)
Press: ? - help, Q - select action, (/) - cycle Shift-Dir - straight line, f/p - scorpion
Aim: a scorpion (moderately wounded, 82% to hit)
The blast of sand hits the scorpion.
The scorpion is moderately wounded.
The scorpion barely misses you. The scorpion stings you.
Unknown command.
Aiming: Sandblast (safe; 3% risk of failure)
Press: ? - help, Q - select action, (/) - cycle Shift-Dir - straight line, f/p - scorpion
Aim: a scorpion (moderately wounded, 82% to hit)
The blast of sand hits the scorpion!
The scorpion is severely wounded.
The scorpion stings you. x2
You are poisoned.
The scorpion poisons you!
Aiming: Sandblast (safe; 3% risk of failure)
Press: ? - help, Q - select action, (/) - cycle Shift-Dir - straight line, f/p - scorpion
Aim: a scorpion (severely wounded, 82% to hit)
The blast of sand hits the scorpion but does no damage.
The scorpion is severely wounded.
You feel very sick. The scorpion stings you. x2
Aiming: Sandblast (safe; 3% risk of failure)
Press: ? - help, Q - select action, (/) - cycle Shift-Dir - straight line, f/p - scorpion
Aim: a scorpion (severely wounded, 82% to hit)
The blast of sand hits the scorpion.
The scorpion is almost dead.
You feel sick. The scorpion stings you. The scorpion stings you!
* * * LOW HITPOINT WARNING * * *
You are lethally poisoned!
The scorpion poisons you!
Unknown command.
Aiming: Sandblast (safe; 3% risk of failure)
Press: ? - help, Q - select action, (/) - cycle Shift-Dir - straight line, f/p - scorpion
Aim: a scorpion (almost dead, 82% to hit)
The blast of sand hits the scorpion!
You kill the scorpion!
You die...

... #.......#
#..... #.......# ♣
#......#......[##
..
#.................
♣..
#.#######.....####
..###.# #.....#
....# #.....# #.†#
#∩....#
#.@########'####
#...........#
###..♣[..####
#...P.♣# #+#.♣..#
...♣P♣# ...$###
.....# ...###


There were no monsters in sight!

Vanquished Creatures
  A scorpion (D:4)
  5 adders
  A worm (D:2)
  5 dart slugs
  3 orcs (D:3)
  6 endoplasms
  A giant cockroach (D:1)
  6 goblins
  4 hobgoblins
  2 jackals (D:1)
  A kobold (D:1)
  7 ball pythons
  2 bats
  2 frilled lizards
  10 rats
56 creatures vanquished.

Notes
Turn   | Place    | Note
-------+----------+-------------------------------------------
     0 | D:1      | Bnni the Formicid Earth Elementalist began the quest for
                  | the Orb.
     0 | D:1      | Reached XP level 1. HP: 13/13 MP: 3/3
   176 | D:1      | Reached XP level 2. HP: 16/19 MP: 1/5
   420 | D:1      | Reached XP level 3. HP: 25/25 MP: 3/6
   422 | D:1      | Reached skill level 4 in Earth Magic
   474 | D:1      | Reached skill level 1 in Conjurations
  1120 | D:2      | Reached skill level 1 in Fighting
  1120 | D:2      | Reached XP level 4. HP: 32/32 MP: 1/7
  1736 | D:3      | Found a broken altar of Ashenzari.
  1747 | D:3      | Reached XP level 5. HP: 34/37 MP: 5/9
  1853 | D:3      | Found Gonuowk's Antique Weapon Boutique.
  2309 | D:4      | Found Bexus's Jewellery Shop.
  2336 | D:4      | Succumbed to a scorpion's poison

Illustrated notes

Levels and vault maps discovered:
D:1:      wander_arrival_peaceful_grave, layout_basic
D:2:      layout_basic
D:3:      layout_loops_ring, mainiacjoe_overflow_boulevard, serial_shops,
          nicolae_shop_tiny_real_fake_doors, serial_bayou_pond_c,
          kennysheep_another_room
D:4:      layout_basic, nicolae_yredelemnul_corpse_copse, serial_demonic,
          serial_demonic_c, serial_demonic_c, serial_demonic_b,
          serial_demonic_e, serial_shops, shop, lightli_corner_chamber

Skill      XL: |  1  2  3 |
---------------+----------+-----
Earth Magic    | 4 |  4.5
Conjurations   | 1 |  1.7
Transmutations | 2 |  2.5
Fighting       | 1 |  1.3
Dodging        | |  1.7
Stealth        | |  2.4
Spellcasting   | |  2.7

Action                     |  1- 3 |  4- 6 || total
---------------------------+-------+-------++-------
  Melee: Dagger            |    16 |       ||    16
         Trident           |       |    24 ||    24
         Whip              |       |     1 ||     1
   Cast: Sandblast         |    40 |    23 ||    63
    Use: Scroll            |       |     1 ||     1
   Stab: Sleeping          |       |     2 ||     2
 Armour: Robe              |     2 |     6 ||     8
  Dodge: Dodged            |    22 |    19 ||    41
